 Dungeon Crawl Stone Soup version 0.28-a0-851-g8b9cc49659 (webtiles) character file.

Game seed: 13440693366578967378

497 siradein the Twirler (level 7, -1/43 HPs)
             Began as a Gargoyle Gladiator on Nov 15, 2021.
             Slain by a wight (6 damage)
             ... on level 5 of the Dungeon.
             The game lasted 00:07:05 (3842 turns).

siradein the Twirler (Gargoyle Gladiator)           Turns: 3842, Time: 00:07:06

Health: -1/43      AC: 18    Str: 18    XL:     7   Next: 15%
Magic:  7/7        EV:  6    Int:  8    God:
Gold:   189        SH:  5    Dex: 13    Spells: 6/6 levels left

rFire   . . .      SeeInvis .   a - +0 quarterstaff
rCold   . . .      Faith    .   (shield currently unavailable)
rNeg    + . .      Spirit   .   g - +0 plate armour
rPois   ∞          Reflect  +   c - +0 helmet
rElec   +          Harm     .   (no cloak)
rCorr   .          Rampage  .   t - +0 pair of gloves
Will    .....                   (no boots)
Stlth   ..........              i - amulet of reflection
HPRegen 0.14/turn               j - ring of flight
MPRegen 0.10/turn               (no ring)

@: flying
A: sickness immunity, AC +4, negative energy resistance 1, electricity
resistance, torment resistance 1, petrification resistance
a: no special abilities


You were on level 5 of the Dungeon.
You visited 1 branch of the dungeon, and saw 5 of its levels.

You collected 189 gold pieces.

Inventory:

Hand Weapons
 a - a +0 quarterstaff (weapon)
Missiles
 d - 3 throwing nets
 h - 169 stones (quivered)
 B - 2 poisoned darts
Armour
 c - a +0 helmet (worn)
 g - a +0 plate armour (worn)
 t - a +0 pair of gloves (worn)
Jewellery
 i - an amulet of reflection (around neck)
 j - a ring of flight (left hand)
 k - a +6 ring of intelligence
 z - an amulet of the acrobat
Scrolls
 b - 3 scrolls of identify {unknown}
 l - a scroll of fear {unknown}
 m - a scroll of blinking {unknown}
 o - a scroll of noise {unknown}
 r - a scroll of brand weapon {unknown}
 v - a scroll of vulnerability {unknown}
 x - 2 scrolls of magic mapping {unknown}
 y - a scroll of teleportation {unknown}
Potions
 e - a potion of mutation {unknown}
 f - 3 potions of curing {unknown}
 n - a potion of heal wounds {unknown}
 p - 2 potions of cancellation {unknown}
 q - 2 potions of lignification {unknown}
 s - a potion of haste {unknown}
 u - a potion of brilliance {unknown}
 w - a potion of resistance {unknown}
 A - a potion of invisibility {unknown}


   Skills:
 + Level 4.0 Fighting
 + Level 4.4 Staves
 + Level 3.4 Throwing
 + Level 3.2 Armour
 + Level 3.5 Dodging


You had 6 spell levels left.
You didn't know any spells.
Your spell library contained the following spells:

 Spells                   Type           Power      Damage    Failure   Level
 Passwall                 Tmut/Erth      0%         N/A       100%        2
 Swiftness                Air            0%         N/A       100%        3


Dungeon Overview and Level Annotations

Branches:
Dungeon (5/15)
 Temple: D:4-7

Altars:
Ashenzari
Ru
Yredelemnul

Shops:
D:1 [   D:2 [


Innate Abilities, Weirdness & Mutations

You are immune to sickness and miasma.
Your stone body is resilient. (AC +4)
You are immune to poison.
You resist negative energy. (rN+)
You are resistant to electric shocks. (rElec)
You are resistant to unholy torment.
You are immune to petrification.


Message History

The wight barely misses you.
You closely miss the wight.
The wight is severely damaged.
The wight completely misses you.
You hit the wight.
The wight is almost destroyed.
The wight barely misses you.
You hit the wight.
The wight is almost destroyed.
The wight hits you but does no damage.
Your plate armour prevents you from hitting the wight.
The wight is almost destroyed.
The wight hits you but does no damage.
You hit the wight.
You destroy the wight!
The wight hits you but does no damage.
You hit the wight.
The wight is lightly damaged.
The wight closely misses you.
You barely miss the wight.
The wight is lightly damaged.
The wight hits you but does no damage.
You barely miss the wight.
The wight is lightly damaged.
The wight hits you but does no damage.
You hit the wight.
The wight is moderately damaged.
The wight hits you with a +4 falchion.
* * * LOW HITPOINT WARNING * * *
You hit the wight.
The wight is severely damaged.
The wight barely misses you.
You hit the wight but do no damage.
The wight is severely damaged.
The wight hits you with a +4 falchion.
* * * LOW HITPOINT WARNING * * *
You barely miss the wight.
The wight is severely damaged.
The wight hits you with a +4 falchion.
You die...

#. . ##. ####.. ....##
.######..######)##
.......)..........
.#####z##)####..#
#.#@##..# #...###.# #
##..# .# #.###..## .#
#......####.###
.############...........
).................###...
#####.....##..#...#
#.....##.##.#[.#


You could see a wight.

Vanquished Creatures
  A necrophage (D:4)
  An ogre (D:5)
  A scorpion (D:4)
  2 wights (D:5)
  Jessica (D:3)
  A hound skeleton (D:4)
  4 gnolls
  3 adders
  3 worms
  3 dart slugs
  5 orcs (D:3)
  5 ball pythons
  5 bats
  2 endoplasms
  2 giant cockroaches (D:1)
  4 goblins
  9 hobgoblins
  3 quokkas
  3 frilled lizards
  5 kobolds
  6 rats
69 creatures vanquished.

Notes
Turn   | Place    | Note
-------+----------+-------------------------------------------
     0 | D:1      | siradein the Gargoyle Gladiator began the quest for the
                  | Orb.
     0 | D:1      | Reached XP level 1. HP: 12/12 MP: 1/1
   391 | D:1      | Reached XP level 2. HP: 18/18 MP: 2/2
   659 | D:1      | Found Havov's Armour Boutique.
   715 | D:1      | Found a faded altar of an unknown god.
   954 | D:1      | Reached skill level 1 in Armour
  1176 | D:2      | Reached XP level 3. HP: 14/22 MP: 3/3
  1390 | D:2      | Found a sacrificial altar of Ru.
  1414 | D:2      | Found Onucodirch's Antique Armour Boutique.
  1867 | D:2      | Reached XP level 4. HP: 18/27 MP: 4/4
  2414 | D:3      | Reached XP level 5. HP: 30/32 MP: 5/5
  2479 | D:3      | Noticed Jessica
  2493 | D:3      | Killed Jessica
  3118 | D:4      | Reached XP level 6. HP: 27/37 MP: 6/6
  3270 | D:4      | Found a broken altar of Ashenzari.
  3281 | D:4      | Noticed a necrophage
  3299 | D:4      | Killed a necrophage
  3503 | D:4      | Found a basalt altar of Yredelemnul.
  3758 | D:5      | Entered Level 5 of the Dungeon
  3819 | D:5      | Reached XP level 7. HP: 39/43 MP: 7/7
  3842 | D:5      | Slain by a wight

Illustrated notes

Levels and vault maps discovered:
D:1:      nzn_arrival_depleted_hourglass, layout_loops_corners,
          hellmonk_ecumenical_altar_prayer_group, serial_shops,
          nicolae_shop_behind_doors
D:2:      layout_loops_ring, serial_shops, shop, basic_altar
D:3:      layout_loops_ring, uniq_jessica
D:4:      layout_basic, lemuel_doored_altar, mainiacjoe_overflow_catwalk
D:5:      layout_rooms, minmay_temple_entry_from_below_b

Skill      XL: |  1  2  3  4  5  6 |
---------------+-------------------+-----
Throwing       | 2 3 |  3.4
Armour         | 1 2 3 |  3.2
Fighting       | 3 4 |  4.0
Dodging        | 3 |  3.5
Staves         | 4 |  4.4

Action                   |  1- 3 |  4- 6 |  7- 9 || total
-------------------------+-------+-------+-------++-------
Melee: Quarterstaff      |   109 |   138 |    20 ||   267
Throw: Stone             |       |     1 |       ||     1
       Dart              |       |     2 |       ||     2
Armor: Chain mail        |    15 |       |       ||    15
       Plate armour      |    77 |    75 |     8 ||   160
Dodge: Dodged            |    28 |    19 |     7 ||    54
Block: Other             |    12 |    26 |     2 ||    40
       Reflection        |       |     1 |       ||     1

Table legend: (Time is in decaauts)
 A = Elapsed time spent in this place.
 B = Non-inter-level travel time spent in this place.
 C = Inter-level travel time spent in this place.
 D = Time resting spent in this place.
 E = Time spent auto-exploring this place.
 F = Levels seen in this place.
 G = Mean time per level.
                   A        B        C        D        E       F      G
               +--------+--------+--------+--------+--------+-----+--------+
         Total |   3876 |   3727 |    149 |    292 |   2787 |   5 |  775.2 |
       Dungeon |   3876 |   3727 |    149 |    292 |   2787 |   5 |  775.2 |
               +--------+--------+--------+--------+--------+-----+--------+

Top non-repeatable levels by time:
     D:1: 1172 daAuts
     D:2: 985 daAuts
     D:3: 937 daAuts
     D:4: 695 daAuts
     D:5: 85 daAuts
